 Dungeon Crawl Stone Soup version 0.31-a0-233-g139696dc86 (webtiles) character file.

Game seed: 12728642903066205535

176 qw the Shooter (level 5, 0/30 HPs)
             Began as a Gargoyle Hexslinger on July 7, 2023.
             Slain by a vampire mosquito (6 damage)
             ... on level 6 of the Dungeon.
             The game lasted 00:00:44 (1893 turns).

qw the Shooter (Gargoyle Hexslinger)                Turns: 1893, Time: 00:00:44

Health: 0/30       AC:  9    Str: 11    XL:     5   Next: 56%
Magic:  6/6        EV: 10    Int: 14    God:
Gold:   130        SH:  0    Dex: 14    Spells: 5/6 levels left

rFire   . . .        Y - +1 sling
rCold   . . .        (no shield)
rNeg    + . .        h - +0 ring mail
rPois   inf          (no helmet)
rElec   +            (no cloak)
rCorr   .            (no gloves)
SInv    .            (no boots)
Will    .....        (no amulet)
Stlth   +            (no ring)
HPRegen 0.25/turn    (no ring)
MPRegen 0.10/turn

%: no passive effects
@: no status effects
A: sickness immunity, AC +4, negative energy resistance 1, electricity
resistance, torment resistance 1, petrification resistance
a: no special abilities


You were on level 6 of the Dungeon.
You visited 1 branch of the dungeon, and saw 4 of its levels.

You collected 130 gold pieces.


Innate Abilities, Weirdness & Mutations

You are immune to sickness and miasma.
Your stone body is resilient. (AC +4)
You are immune to poison.
You resist negative energy. (rN+)
You are resistant to electric shocks. (rElec)
You are resistant to unholy torment.
You are immune to petrification.


   Skills:
 + Level 2.0 Fighting
 - Level 5.0 Ranged Weapons
 - Level 1.8 Armour
 - Level 1.5 Dodging
 - Level 1.0 Spellcasting
 - Level 2.6 Hexes


You had 5 spell levels left.
You knew the following spells:

 Your Spells              Type           Power      Damage    Failure   Level
a - Slow                  Hex            32%        N/A       21%         1

Your spell library contained the following spells:

 Spells                   Type           Power      Damage    Failure   Level
 Inner Flame              Hex/Fire       4%         N/A       71%         3
 Portal Projectile        Hex/Tloc       8%         N/A       71%         3
 Cause Fear               Hex            4%         N/A       90%         4

Inventory:

Hand Weapons
 Y - a +1 sling (weapon)
Armour
 h - a +0 ring mail (worn)
Scrolls
 b - 2 scrolls of identify
Potions
 a - a potion of attraction {unknown}
 d - a potion of brilliance {unknown}
 f - a potion of heal wounds {unknown}
 g - a potion of curing {unknown}

Dungeon Overview and Level Annotations

Branches:
Dungeon (3/15)

Altars:
Yredelemnul

Shops:
D:2 [


Message History

The sling bullet hits the vampire mosquito.
The vampire mosquito is lightly damaged.
The vampire mosquito bites you but does no damage.
You shoot a sling bullet.
The sling bullet hits the vampire mosquito.
The vampire mosquito is lightly damaged.
The vampire mosquito bites you. The vampire mosquito bites you!
You shoot a sling bullet.
The sling bullet hits the vampire mosquito.
The vampire mosquito is moderately damaged.
The vampire mosquito bites you but does no damage. x2
The vampire mosquito misses you.
You shoot a sling bullet.
The sling bullet misses the vampire mosquito.
The vampire mosquito bites you but does no damage.
The vampire mosquito barely misses you.
You shoot a sling bullet.
The sling bullet barely misses the vampire mosquito.
The vampire mosquito bites you.
The vampire mosquito closely misses you.
You shoot a sling bullet.
The sling bullet hits the vampire mosquito but does no damage.
The vampire mosquito is moderately damaged.
The vampire mosquito bites you.
The vampire mosquito closely misses you.
You shoot a sling bullet.
The sling bullet closely misses the vampire mosquito.
The vampire mosquito barely misses you.
The vampire mosquito bites you but does no damage.
The vampire mosquito barely misses you.
You shoot a sling bullet.
The sling bullet hits the vampire mosquito.
The vampire mosquito is heavily damaged.
The vampire mosquito bites you but does no damage.
The vampire mosquito bites you!
You shoot a sling bullet.
The sling bullet hits the vampire mosquito!
The vampire mosquito is severely damaged.
The vampire mosquito barely misses you. The vampire mosquito bites you.
You die...

#. .# #. .
+#####.#.
.....#...
........#### ..
......... .#..#
........##.#..# #
#.y@.......
#.######......##
..............+
..............##
#................
#...>..........##
#...####.........
#................
#................


You could see a vampire mosquito.

Vanquished Creatures
  An orc priest (D:3)
  An orc wizard (D:2)
  A gnoll (D:1)
  6 adders
  2 dart slugs
  8 orcs
  2 ball pythons (D:2)
  4 bats
  5 endoplasms
  3 giant cockroaches
  3 hobgoblins
  2 quokkas (D:2)
  A frilled lizard (D:1)
  3 goblins
  3 kobolds
  7 rats
52 creatures vanquished.

Notes
Turn   | Place    | Note
-------+----------+-------------------------------------------
     0 | D:1      | qw the Gargoyle Hexslinger began the quest for the Orb.
     0 | D:1      | Reached XP level 1. HP: 12/12 MP: 2/2
     0 | D:1      | 0 ||| qw: Version: 0.3-a-46-gb1f654a
     0 | D:1      | 0 ||| qw: Game counter: 3296
     0 | D:1      | 0 ||| qw: Melee chars always use a shield: true
     0 | D:1      | 0 ||| qw: God list: Okawaru
     0 | D:1      | 0 ||| qw: Allow faded altars: false
     0 | D:1      | 0 ||| qw: Do Orc after clearing Dungeon:15 true
     0 | D:1      | 0 ||| qw: Do second Lair branch before Depths: true
     0 | D:1      | 0 ||| qw: Lair rune preference: random
     0 | D:1      | 0 ||| qw: Goals: Normal
     0 | D:1      | 0 ||| PLANNING D:1-11
   168 | D:1      | Reached XP level 2. HP: 16/16 MP: 3/3
   179 | D:1      | Reached skill level 3 in Ranged Weapons
   349 | D:1      | Reached XP level 3. HP: 20/21 MP: 4/4
   836 | D:1      | 836 ||| READING scroll labelled ZERADU RYUSE.
   837 | D:1      | 837 ||| READING scroll labelled DIB CUTUENK.
   840 | D:1      | 840 ||| READING scroll labelled ORIGEIFOCHU.
   841 | D:1      | 841 ||| READING scroll labelled ONENAEHYHO.
   842 | D:1      | 842 ||| DROPPING scroll of poison.
   892 | D:2      | Found Keot's Antique Armour Shoppe.
   908 | D:2      | 908 ||| SHOPLISTING cloak (126 gold, have 80).
   908 | D:2      | 908 ||| SHOPLISTING helmet (126 gold, have 80).
   908 | D:2      | 908 ||| SHOPLISTING ring mail (112 gold, have 80).
  1007 | D:2      | Reached XP level 4. HP: 23/26 MP: 5/5
  1021 | D:2      | Reached skill level 4 in Ranged Weapons
  1045 | D:2      | Found a basalt altar of Yredelemnul.
  1574 | D:2      | 1574 ||| UPGRADING to +0 leather armour.
  1584 | D:2      | 1584 ||| DROPPING +0 robe.
  1585 | D:2      | 1585 ||| UPGRADING to +0 ring mail.
  1595 | D:2      | 1595 ||| DROPPING +0 leather armour.
  1596 | D:2      | 1596 ||| READING 2 scrolls labelled KIK NAHAOKHLEF.
  1597 | D:2      | 1597 ||| READING scroll labelled HACWIG MAZ.
  1654 | D:3      | Reached skill level 1 in Armour
  1654 | D:3      | Reached XP level 5. HP: 23/30 MP: 6/6
  1778 | D:3      | Reached skill level 5 in Ranged Weapons
  1795 | D:3      | You fall into a shaft and drop 3 floors!
  1883 | D:6      | Noticed a vampire mosquito
  1892 | D:6      | HP: 6/30 [vampire mosquito (7)]
  1893 | D:6      | Slain by a vampire mosquito

Levels and vault maps discovered:
D:1:      kilobyte_arrival_exit_the_forest, layout_basic
D:2:      layout_loops_ring, serial_shops, shop, basic_altar,
          grunt_ministairs_1, kennysheep_generic_room_15
D:3:      layout_loops_ring, minmay_crystal_water
D:6:      kennysheep_steamy, layout_basic, mainiacjoe_overflow_surrounded_room,
          mainiacjoe_overflow_alcove_2, serial_shops,
          nicolae_shop_pleasant_corner_grove

Skill      XL: |  1  2  3  4  5 |
---------------+----------------+-----
Ranged Weapons | 3 4 5 |  5.0
Fighting       | 2 |  2.0
Armour         | 1 |  1.8
Dodging        | |  1.5
Spellcasting   | |  1.0
Hexes          | |  2.6

Action                     |  1- 3 |  4- 6 || total
---------------------------+-------+-------++-------
   Fire: Sling             |    85 |   106 ||   191
    Use: Scroll            |     4 |     2 ||     6
 Armour: Robe              |     7 |     5 ||    12
         Ring mail         |       |    52 ||    52
  Dodge: Dodged            |    22 |    59 ||    81

Table legend:
 A = Non-vault XP
 B = Vault XP
 C = Vault XP percentage of total XP
 D = Non-vault monster count
 E = Vault monster count
 F = Vault count percentage of total count
                 A         B        C        D         E       F
            +---------+---------+-------+---------+---------+-------
      Total |     236 |      16 |   6.3 |      49 |       3 |   5.8
            +---------+---------+-------+---------+---------+-------
        D:1 |      46 |       0 |   0.0 |      20 |       0 |   0.0
        D:2 |      96 |      16 |  14.3 |      20 |       3 |  13.0
        D:3 |      94 |       0 |   0.0 |       9 |       0 |   0.0
            +---------+---------+-------+---------+---------+-------
